 Dungeon Crawl Stone Soup version 0.27-a0-1184-ge86db4a01e (webtiles) character file.

Game seed: 2344608833364330381

599 leviel the Chopper (level 7, -2/57 (61) HPs)
             Began as a Minotaur Fighter on May 18, 2021.
             Was an Initiate of Makhleb.
             Slain by Edmund
             ... wielding a +2 dire flail of draining
              (6 damage)
             ... on level 4 of the Dungeon.
             The game lasted 00:04:41 (3410 turns).

leviel the Chopper (Minotaur Fighter)               Turns: 3410, Time: 00:04:43

HP:   -2/57 (61)    AC:  7    Str: 23    XL:     7   Next: 17%
MP:   6/6           EV:  8    Int:  5    God:    Makhleb [......]
Gold: 180           SH: 10    Dex:  9    Spells: 6/6 levels left

rFire    . . .     SeeInvis .   a - +2 war axe
rCold    . . .     Faith    .   c - +0 kite shield
rNeg     . . .     Spirit   .   b - +0 scale mail
rPois    .         Reflect  .   (helmet restricted)
rElec    .         Harm     .   (no cloak)
rCorr    .         Rampage  .   (no gloves)
Will     +....                  (no boots)
Stlth    ..........             (no amulet)
HPRegen  0.19/turn              g - ring of willpower
MPRegen  0.10/turn              (no ring)

@: mighty, drained
A: horns 2, retaliatory headbutt
a: Renounce Religion


You were on level 4 of the Dungeon.
You worshipped Makhleb.
Makhleb was noncommittal.
You visited 1 branch of the dungeon, and saw 5 of its levels.

You collected 224 gold pieces.
You spent 44 gold pieces at shops.

Inventory:

Hand Weapons
 a - a +2 war axe (weapon)
Missiles
 s - 21 poisoned darts (quivered)
Armour
 b - a +0 scale mail (worn)
 c - a +0 kite shield (worn)
Jewellery
 g - a ring of willpower (left hand)
Scrolls
 i - a scroll of silence
Potions
 e - a potion of resistance
 f - a potion of ambrosia {unknown}
 h - a potion of heal wounds {unknown}
 l - a potion of degeneration {unknown}
 m - a potion of flight {unknown}
 n - a potion of berserk rage {unknown}
 o - a potion of mutation {unknown}
 p - a potion of invisibility {unknown}


   Skills:
 + Level 5.4 Fighting
 * Level 6.4 Axes
 + Level 0.0 Throwing
 + Level 5.4 Armour
 - Level 0.1 Dodging
 + Level 5.4 Shields
 + Level 0.0 Invocations


You had 6 spell levels left.
You didn't know any spells.
Your spell library was empty.

Dungeon Overview and Level Annotations

Branches:
Dungeon (5/15)
 Temple: D:4-7

Altars:
Makhleb
Trog

Shops:
D:1 *

Annotations:
D:4 Edmund


Innate Abilities, Weirdness & Mutations

You have a pair of horns on your head.
You reflexively headbutt those who attack you in melee.


Message History

An ogre comes into view. It is wielding a +0 giant spiked club.
The ogre shouts!
Found a stone staircase leading up.
There is a stone staircase leading up here.
Edmund the Younger comes into view.
He is wielding a +2 dire flail of draining.
Edmund shouts!
The ogre barely misses you.
An orc comes into view. It is wielding a +2 trident of venom.
Found a scroll of silence.
You slice the ogre!!
The ogre is severely wounded.
Edmund hits you with a +2 dire flail of draining.
You feel drained.
The ogre hits you with a +0 giant spiked club!
Edmund says, "People think my brother is the best.
I think he's crazy."
There is a stone staircase leading up here.
Edmund hits you with a +2 dire flail of draining.
You feel drained.
You climb upwards.
There is a stone staircase leading down here.
You block Edmund's attack.
You climb downwards.
The ogre barely misses you.
The ogre hits you with a +0 giant spiked club!!
There is a stone staircase leading up, spattered with blood here.
Edmund barely misses you. The orc barely misses you.
You climb upwards.
There is a stone staircase leading down here.
Okay, then.
You feel very mighty all of a sudden.
The ogre hits you with a +0 giant spiked club.
* * * LOW HITPOINT WARNING * * *
Edmund closely misses you.
You slash the ogre! You headbutt the ogre.
You kill the ogre!
Makhleb accepts your kill.
You completely miss Edmund.
Edmund hits you with a +2 dire flail of draining!
* * * LOW HITPOINT WARNING * * *
You feel drained.
You die...

##### #...# #.@.#
#@..# #)..# #...#
#...# ##..(### #####
#......#####...####
###....#.......#....#
#........####......".
#........# ###.####..


You could see Edmund.

Vanquished Creatures
  An ogre (D:4)
  2 necrophages (D:4)
  A scorpion (D:4)
  A gnoll sergeant (D:4)
  A howler monkey (D:4)
  2 hounds (D:4)
  Terence (D:3)
  A hound skeleton (D:4)
  10 gnolls
  An adder (D:3)
  2 worms
  2 dart slugs
  3 orcs
  4 endoplasms
  2 giant cockroaches
  6 goblins
  6 hobgoblins
  7 jackals
  6 kobolds
  A quokka (D:2)
  2 ball pythons
  5 bats
  A frilled lizard (D:2)
  2 rats
70 creatures vanquished.

Notes
Turn   | Place    | Note
-------+----------+-------------------------------------------
     0 | D:1      | leviel the Minotaur Fighter began the quest for the Orb.
     0 | D:1      | Reached XP level 1. HP: 19/19 MP: 0/0
   122 | D:1      | Reached skill level 3 in Axes
   122 | D:1      | Reached XP level 2. HP: 4/27 MP: 1/1
   598 | D:1      | Found Ononocix's Assorted Antiques.
   663 | D:1      | Bought 2 scrolls labelled QYOSEDW YCOICK for 44 gold pieces
   972 | D:2      | Reached XP level 3. HP: 31/33 MP: 2/2
  1693 | D:3      | Noticed Terence
  1714 | D:3      | Killed Terence
  1715 | D:3      | Reached XP level 4. HP: 9/40 MP: 3/3
  1963 | D:3      | Reached skill level 4 in Axes
  2007 | D:3      | Found a bloodstained altar of Trog.
  2360 | D:4      | Reached XP level 5. HP: 38/47 MP: 4/4
  2370 | D:4      | Reached skill level 5 in Axes
  2507 | D:4      | Reached skill level 5 in Fighting
  2507 | D:4      | Reached XP level 6. HP: 10/56 MP: 0/5
  2887 | D:4      | Reached skill level 5 in Armour
  2919 | D:4      | Reached skill level 5 in Shields
  2979 | D:4      | Found a burning altar of Makhleb.
  2995 | D:4      | Reached skill level 6 in Axes
  3002 | D:4      | Became a worshipper of Makhleb the Destroyer
  3230 | D:4      | Reached XP level 7. HP: 61/61 MP: 6/6
  3395 | D:5      | Entered Level 5 of the Dungeon
  3396 | D:5      | Noticed Edmund
  3410 | D:4      | Slain by Edmund

Illustrated notes

Levels and vault maps discovered:
D:1:      tarquinn_simple_flora_water_c, layout_rooms, serial_shops,
          nicolae_shop_crystal, serial_glass, glass_columns_c, glass_columns_b
D:2:      layout_loops_ring
D:3:      layout_basic, trog_three_pillars_becter, serial_glass,
          glass_columns_b, glass_columns_b, glass_columns_a, glass_columns_a,
          uniq_terence
D:4:      layout_rooms, makhleb_blood_cavern_becter,
          ebering_dispersal_statue_hall
D:5:      layout_rooms, fedhas_altar_4, amethyst_overflow_temple_binary,
          minmay_holes, grunt_ministairs_14, uniq_edmund

Skill      XL: |  1  2  3  4  5  6 |
---------------+-------------------+-----
Axes           | 3 4 5 6 |  6.4
Fighting       | 4 5 |  5.4
Armour         | 4 5 |  5.4
Shields        | 4 5 |  5.4
Dodging        | |  0.1

Action                   |  1- 3 |  4- 6 |  7- 9 || total
-------------------------+-------+-------+-------++-------
Melee: War axe           |    84 |    77 |     5 ||   166
       Headbutt          |    13 |     9 |     3 ||    25
  Use: Scroll            |     5 |       |     3 ||     8
       Potion            |       |       |     1 ||     1
Armor: Scale mail        |    44 |    26 |       ||    70
Dodge: Dodged            |    30 |    21 |     6 ||    57
Block: Kite shield       |    45 |    30 |     3 ||    78

Table legend: (Time is in decaauts)
 A = Elapsed time spent in this place.
 B = Non-inter-level travel time spent in this place.
 C = Inter-level travel time spent in this place.
 D = Time resting spent in this place.
 E = Time spent auto-exploring this place.
 F = Levels seen in this place.
 G = Mean time per level.
                   A        B        C        D        E       F      G
               +--------+--------+--------+--------+--------+-----+--------+
         Total |   3493 |   3464 |     29 |    924 |   2043 |   5 |  698.6 |
       Dungeon |   3493 |   3464 |     29 |    924 |   2043 |   5 |  698.6 |
               +--------+--------+--------+--------+--------+-----+--------+

Top non-repeatable levels by time:
     D:4: 1174 daAuts
     D:1: 872 daAuts
     D:3: 719 daAuts
     D:2: 715 daAuts
     D:5: 11 daAuts
